 Dungeon Crawl Stone Soup version 0.19.1 (webtiles) character file.

10747 JeffiDaFish the Basher (level 11, -3/71 HPs)
             Began as a Gargoyle Fighter on Dec 2, 2016.
             Was a Believer of Makhleb.
             Slain by a cyclops (12 damage)
             ... on level 11 of the Dungeon.
             The game lasted 00:21:12 (8773 turns).

JeffiDaFish the Basher (Gargoyle Fighter)           Turns: 8773, Time: 00:21:12

Health: -3/71      AC: 32    Str: 22    XL:     11   Next: 66%
Magic:  16/16      EV:  9    Int: 10    God:    Makhleb [**....]
Gold:   339        SH:  0    Dex: 10    Spells: 1 memorised, 11 levels left

rFire  . . .     SeeInvis .     u - +4 dire flail (crush)
rCold  . . .     Gourm    +     A - +0 plate armour
rNeg   + . .     Faith    .     (shield currently unavailable)
rPois  ∞         Spirit   .     y - +0 helmet
rElec  +         Reflect  .     m - +1 cloak
rCorr  +         Harm     .     n - +0 pair of gloves (curse)
MR     .....                    d - +0 pair of boots
Stlth  ..........               w - amulet of the gourmand
                                x - ring of the Octopus King {rCorr AC+1 EV+1 Str+1 Int+1 Dex+1}
                                j - +3 ring of protection

@: no status effects
A: claws 1, clumsy 1, mutation resistance 1, negative energy resistance 1,
regeneration 1, electricity resistance, unbreathing, petrification resistance,
rot immunity, AC +7
a: Minor Destruction, Renounce Religion


You were on level 11 of the Dungeon.
You worshipped Makhleb.
Makhleb was pleased with you.
You were not hungry.

You visited 2 branches of the dungeon, and saw 12 of its levels.

You collected 339 gold pieces.

Inventory:

Hand Weapons
 u - a +4 dire flail of crushing (weapon)
Armour
 d - a +0 pair of boots (worn)
 m - a +1 cloak (worn)
 n - a cursed +0 pair of gloves (worn)
 y - a +0 helmet (worn)
 A - a +0 plate armour (worn)
Jewellery
 j - a +3 ring of protection (left hand)
 w - an amulet of the gourmand (around neck)
 x - a ring of the Octopus King (right hand) {rCorr AC+1 EV+1 Str+1 Int+1 Dex+1}
   (You found it on level 10 of the Dungeon)

   [ring of resist corrosion]

   It affects your AC (+1).
   It affects your evasion (+1).
   It affects your strength (+1).
   It affects your intelligence (+1).
   It affects your dexterity (+1).
Wands
 c - a wand of iceblast (13/15)
Scrolls
 a - 2 scrolls of fog
 e - 5 scrolls of identify
 k - 3 scrolls of teleportation
 o - 4 scrolls of remove curse
 s - 6 scrolls of recharging
 t - 2 scrolls of blinking
 z - a scroll of magic mapping
Potions
 h - 2 potions of flight
 i - 3 potions of curing
Books
 b - a book of Clouds

   Spells                             Type                      Level
   a - Mephitic Cloud                 Conjuration/Poison/Air       3
   b - Conjure Flame                  Conjuration/Fire             3
   c - Poisonous Cloud                Conjuration/Poison/Air       6
   d - Freezing Cloud                 Conjuration/Ice/Air          6
   e - Ring of Flames                 Charms/Fire                  7
 q - a book of Frost

   Spells                             Type                      Level
   a - Freeze                         Ice                          1
   b - Throw Frost                    Conjuration/Ice              2
   c - Ozocubu's Armour               Charms/Ice                   3
   d - Throw Icicle                   Conjuration/Ice              4
   e - Summon Ice Beast               Ice/Summoning                4
Comestibles
 f - 10 bread rations
 g - 3 slices of pizza
 l - 8 beef jerkies
 p - 2 fruits
 v - 2 meat rations


   Skills:
 * Level 9.0 Fighting
 * Level 10.4 Maces & Flails
 * Level 9.1 Armour
 - Level 2.7 Dodging
 - Level 0.8 Stealth
   Level 6.0 Shields
 + Level 3.7 Spellcasting
 + Level 4.8 Conjurations
 + Level 3.5 Ice Magic
 + Level 3.5 Air Magic


You had 11 spell levels left.
You knew the following spells:

 Your Spells              Type           Power        Failure   Level  Hunger
a - Freezing Cloud        Conj/Ice/Air   #.........   100%        6    #######


Dungeon Overview and Level Annotations

Branches:
Dungeon (11/15)            Temple (1/1) D:7            Lair (0/6) D:9
    Orc (0/2) D:9

Altars:
Ashenzari
Cheibriados
Dithmenos
Elyvilon
Fedhas
Gozag
Hepliaklqana
Kikubaaqudgha
Makhleb
Nemelex Xobeh
Okawaru
Qazlal
Ru
Sif Muna
Trog
Uskayaw
Vehumet
Xom
Yredelemnul
Zin
The Shining One

Portals:
Trove: D:11 (give horn of Geryon)

Annotations:
D:8 1 runed door


Innate Abilities, Weirdness & Mutations

You are resistant to torment.
Your stone body is resilient. (AC +7)
You are immune to poison.
You resist negative energy. (rN+)
You are resistant to electric shocks. (rElec)
You can survive without breathing.
You are immune to petrification.
You are immune to rotting.
You have sharp fingernails.
You are clumsy. (Dex -2)
You are somewhat resistant to further mutation.
Your natural rate of healing is unusually fast.


Message History

You hit the cyclops but do no damage.
The cyclops is lightly wounded.
You hit the cyclops.
The cyclops is moderately wounded.
The wizard hits you but does no damage.
The crimson imp blinks!
The cyclops barely misses you.
You hit the cyclops.
The cyclops is moderately wounded.
The wizard hits you but does no damage.
You puncture the cyclops!
The cyclops is heavily wounded.
The cyclops hits you!
* * * LOW HITPOINT WARNING * * *
The wizard barely misses you.
You puncture the cyclops!
The cyclops is severely wounded.
The wizard hits you with a dagger.
* * * LOW HITPOINT WARNING * * *
The cyclops hits you!
You die...

##.......###§§§§.##
##.......##§##§§§##
#.......##§§§##§##
#......##§§§§§###
#......#.§§§§..#
#...#.....§§#...#
#.. ##.....##...#
#. ##...##§...#
##.##@p..##
###)C..## #..5.##
#...## #...# #....
##... ##..


You could see a cyclops, a wizard and a crimson imp.

Vanquished Creatures
  The ghost of ChaseSP the Carver, a novice FoFi of Qazlal (D:9)
  A wizard (D:11)
  A hill giant (D:10)
  2 ugly things (D:11)
  An elephant (D:9)
  A troll (D:6)
  A hornet (D:11)
  2 two-headed ogres
  Grinder (D:3)
  2 hippogriffs (D:9)
  A shadow (D:11)
  Sigmund (D:3)
  A yak (D:9)
  A wyvern (D:8)
  A hungry ghost (D:11)
  Edmund (D:5)
  2 water moccasins
  A hornet zombie (D:6)
  5 orc warriors
  An ice beast (D:9)
  3 sky beasts
  2 boggarts (D:11)
  6 ogres
  A necrophage (D:9)
  A phantom (D:8)
  A crocodile (D:9)
  7 centaurs
  A big kobold (D:9)
  4 bullfrogs
  2 scorpions
  9 killer bees
  5 wights (D:8)
  5 crimson imps
  2 bullfrog zombies
  A howler monkey (D:10)
  A quasit (D:5)
  2 centaur zombies
  3 jellies
  8 hounds
  5 gnoll shamans (D:9)
  3 orc priests
  11 orc wizards
  2 iguanas
  Terence (D:3)
  6 worker ants
  2 worker ant zombies
  12 adders
  20 gnolls
  2 shadow imps
  2 oozes
  A worm (D:3)
  A dart slug (D:2)
  A leopard gecko (D:8)
  39 orcs
  3 giant cockroaches
  4 goblins
  3 hobgoblins
  5 jackals
  8 quokkas
  4 ball pythons
  4 bats
  3 frilled lizards
  A jackal skeleton (D:6)
  4 kobolds
  A leopard gecko skeleton (D:4)
  9 rats
  2 plants (D:9)
251 creatures vanquished.

Vanquished Creatures (others)
  An orc wizard (D:5)
  6 fungi
  5 plants (D:9)
12 creatures vanquished.

Grand Total: 263 creatures vanquished

Notes
Turn   | Place    | Note
-------+----------+-------------------------------------------
     0 | D:1      | JeffiDaFish the Gargoyle Fighter began the quest for the Orb.
     0 | D:1      | Reached XP level 1. HP: 14/14 MP: 1/1
    34 | D:1      | Reached XP level 2. HP: 12/19 MP: 2/2
   284 | D:1      | Reached XP level 3. HP: 22/24 MP: 3/3
   944 | D:2      | You fall through a shaft for 2 floors!
  1063 | D:4      | Found a stormy altar of Qazlal.
  1189 | D:3      | Reached XP level 4. HP: 25/29 MP: 4/4
  1353 | D:3      | Noticed Grinder
  1356 | D:3      | Noticed Terence
  1359 | D:3      | Paralysed by Grinder for 6 turns
  1377 | D:3      | Killed Grinder
  1377 | D:3      | Reached skill level 3 in Maces & Flails
  1377 | D:3      | Reached skill level 1 in Dodging
  1377 | D:3      | Reached XP level 5. HP: 7/33 MP: 5/5
  1377 | D:3      | Reached XP level 6. HP: 8/38 MP: 6/6
  1379 | D:3      | Killed Terence
  1652 | D:3      | Reached skill level 4 in Maces & Flails
  1707 | D:3      | Noticed Sigmund
  1715 | D:3      | Killed Sigmund
  1715 | D:3      | Reached skill level 5 in Shields
  1715 | D:3      | Reached XP level 7. HP: 43/44 MP: 7/7
  1766 | D:3      | Found a radiant altar of Vehumet.
  1871 | D:3      | Found a glowing silver altar of Zin.
  2144 | D:3      | Found a sacrificial altar of Ru.
  2385 | D:4      | Reached skill level 5 in Maces & Flails
  3043 | D:5      | Entered Level 5 of the Dungeon
  3168 | D:5      | Noticed Edmund
  3202 | D:5      | Killed Edmund
  3202 | D:5      | Reached XP level 8. HP: 25/48 MP: 8/8
  3304 | D:5      | Reached skill level 6 in Maces & Flails
  3322 | D:5      | Reached skill level 5 in Armour
  3328 | D:5      | Found an iron altar of Okawaru.
  3728 | D:5      | Reached skill level 5 in Fighting
  3777 | D:6      | Found a deep blue altar of Sif Muna.
  3777 | D:6      | Found a glowing golden altar of the Shining One.
  3850 | D:6      | Noticed a troll
  3863 | D:6      | Killed a troll
  3863 | D:6      | Reached skill level 7 in Maces & Flails
  4173 | D:6      | Reached XP level 9. HP: 43/54 MP: 9/9
  4683 | D:7      | Reached skill level 8 in Maces & Flails
  4895 | D:7      | Found a staircase to the Ecumenical Temple.
  4899 | Temple   | Entered the Ecumenical Temple
  5179 | D:7      | Learned a level 6 spell: Freezing Cloud
  5246 | D:7      | Found a hide-covered altar of Uskayaw.
  5488 | D:8      | Reached skill level 1 in Conjurations
  5701 | D:8      | Found a shattered altar of Ashenzari.
  5716 | D:8      | Found a glowing golden altar of the Shining One.
  5732 | D:8      | Reached skill level 1 in Ice Magic
  5778 | D:8      | Found a glowing silver altar of Zin.
  5778 | D:8      | Noticed an angel
  5779 | D:8      | Found a runed door.
  5863 | D:8      | Found a burning altar of Makhleb.
  5868 | D:8      | Became a worshipper of Makhleb the Destroyer
  6011 | D:8      | Reached skill level 1 in Spellcasting
  6022 | D:8      | Reached skill level 1 in Air Magic
  6261 | D:8      | Found a faded altar of an unknown god.
  6261 | D:8      | Found a bloodstained altar of Trog.
  6266 | D:8      | Found a faded altar of an unknown god.
  6274 | D:8      | Found a faded altar of an unknown god.
  6275 | D:8      | Found a faded altar of an unknown god.
  6391 | D:9      | Reached XP level 10. HP: 51/61 MP: 10/12
  6430 | D:9      | Reached skill level 9 in Maces & Flails
  6760 | D:9      | Reached * piety under Makhleb
  6763 | D:9      | Noticed ChaseSP's ghost (novice FoFi)
  6776 | D:9      | Killed ChaseSP's ghost
  7153 | D:9      | Found a hazy altar of Hepliaklqana.
  7183 | D:9      | Found a staircase to the Orcish Mines.
  7235 | D:9      | Noticed an elephant
  7235 | D:9      | Found a staircase to the Lair.
  7282 | D:9      | Killed an elephant
  7282 | D:9      | Reached XP level 11. HP: 68/68 MP: 15/15
  7316 | D:9      | Gained mutation: You have sharp fingernails. [potion of beneficial mutation]
  7401 | D:9      | Found a white marble altar of Elyvilon.
  7489 | D:9      | Reached ** piety under Makhleb
  7733 | D:10     | Entered Level 10 of the Dungeon
  7842 | D:10     | Got a ring of the Octopus King
  7843 | D:10     | Identified a ring of the Octopus King {rCorr AC+1 EV+1 Str+1 Int+1 Dex+1} (You found it on level 10 of the Dungeon)
  8058 | D:10     | Noticed a hill giant
  8064 | D:10     | Killed a hill giant
  8064 | D:10     | Reached skill level 10 in Maces & Flails
  8085 | D:10     | Gained mutation: You are somewhat resistant to further mutation. [potion of mutation]
  8085 | D:10     | Gained mutation: You are clumsy. (Dex -2) [potion of mutation]
  8085 | D:10     | Gained mutation: Your natural rate of healing is unusually fast. [potion of mutation]
  8553 | D:11     | Noticed a green ugly thing
  8569 | D:11     | Killed a green ugly thing
  8584 | D:11     | Found a portal to a secret trove of treasure.
  8678 | D:11     | Noticed a green ugly thing
  8697 | D:11     | Killed a green ugly thing
  8751 | D:11     | Noticed a wizard
  8751 | D:11     | Noticed a cyclops
  8758 | D:11     | Noticed a wizard
  8766 | D:11     | Killed a wizard
  8773 | D:11     | Slain by a cyclops

Skill      XL: |  1  2  3  4  5  6  7  8  9 10 11 |
---------------+----------------------------------+-----
Shields        | 4 5 6 |  6.0
Fighting       | 4 5 6 8 9 |  9.0
Maces & Flails | 3 4 5 7 8 9 10 | 10.4
Armour         | 4 5 7 8 9 |  9.1
Dodging        | 1 2 |  2.7
Conjurations   | 2 3 4 |  4.8
Ice Magic      | 1 3 |  3.5
Spellcasting   | 1 3 |  3.7
Air Magic      | 1 2 3 |  3.5
Stealth        | |  0.8

Action                   |  1- 3 |  4- 6 |  7- 9 | 10-12 || total
-------------------------+-------+-------+-------+-------++-------
Melee: Flail             |   100 |    47 |       |       ||   147
       Morningstar       |       |    12 |   231 |       ||   243
       Dire flail        |       |       |   321 |   380 ||   701
  Use: Scroll            |     9 |     2 |    10 |     4 ||    25
       Potion            |     4 |     1 |     2 |     4 ||    11
  Eat: Chunk             |     1 |     2 |    15 |    21 ||    39
       Fruit             |       |       |     1 |     1 ||     2
Armor: Scale mail        |    69 |    35 |   135 |       ||   239
       Chain mail        |       |       |   203 |   251 ||   454
       Plate armour      |       |       |       |    59 ||    59
Dodge: Dodged            |    36 |    12 |   239 |   207 ||   494
Block: Shield            |    70 |    42 |   189 |       ||   301
